[Event "ICC tourney 2556 (25 5)"]
[Site "Internet Chess Club"]
[Date "2021.05.09"]
[Round "5"]
[White "CHIU DOAN, EMILYN:K05-15928816"]
[Black "TCHENG, GENE:K05-16951443"]
[Result "1-0"]
[ICCResult "Black checkmated"]
[WhiteElo "1078"]
[BlackElo "769"]
[Opening "Giuoco Piano"]
[ECO "C50"]
[NIC "IG.02"]
[Time "11:32:40"]
[PlyCount "157"]
[TimeControl "1500+5"]

1. e4 e5 2. Nf3 Nc6 3. Bc4 Bc5 4. O-O d6 5. c3 h6 6. b4 Bb6 7. a4 a6 8. d4
Bg4 9. Be3 exd4 10. Bxd4 Bxd4 11. cxd4 Nf6 12. h3 Bh5 13. b5 axb5 14. Bxb5
O-O 15. Qd3 Nb4 16. Qc4 Bxf3 17. Qxb4 Bxe4 18. Nc3 Bh7 19. Rfe1 c6 20. Be2
Qa5 21. Qxa5 Rxa5 22. Bf3 c5 23. dxc5 Rxc5 24. Nb5 d5 25. Re7 Rb8 26. Nd6
Bg6 27. Rxb7 Rxb7 28. Nxb7 Rc7 29. Na5 Rd7 30. Nb3 d4 31. Nd2 d3 32. a5 Ra7
33. g4 Nd7 34. Kg2 Nc5 35. h4 f5 36. gxf5 Bxf5 37. Kg3 Ne6 38. Be4 Bxe4 39.
Nxe4 Nd4 40. Nd2 Nc2 41. Ra2 Nb4 42. Ra4 Nc6 43. Nc4 Rd7 44. a6 Na7 45. Nd2
Kf7 46. Kf3 Kf6 47. Kf4 g5+ 48. hxg5+ hxg5+ 49. Ke3 Kf5 50. Rd4 Re7+ 51.
Kxd3 Nc6 52. Re4 Nb4+ 53. Rxb4 Ra7 54. Ra4 Ke6 55. Ne4 g4 56. Nc5+ Kd5 57.
Rxg4 Kxc5 58. Rg6 Kd5 59. f4 Rf7 60. Rg5+ Kc6 61. Ke4 Kb6 62. Rg6+ Ka7 63.
f5 Re7+ 64. Kf4 Rf7 65. Kg5 Ka8 66. Rf6 Rc7 67. Kg6 Kb8 68. Rf8+ Ka7 69.
Rf7 Rxf7 70. Kxf7 Ka8 71. Ke7 Ka7 72. f6 Ka8 73. f7 Ka7 74. Kd6 Ka8 75. a7
Kb7 76. f8=Q Kxa7 77. Qe7+ Ka8 78. Kc6 Kb8 79. Qb7# { Black checkmated }
1-0

[Event "ICC tourney 2556 (25 5)"]
[Site "Internet Chess Club"]
[Date "2021.05.09"]
[Round "5"]
[White "HONG, LUKE:K05-16894950"]
[Black "AWAD, STEELO:K05-16554876"]
[Result "1-0"]
[ICCResult "Black checkmated"]
[WhiteElo "1346"]
[BlackElo "876"]
[Opening "Pirc: Byrne variation"]
[ECO "B07"]
[NIC "PU.09"]
[Time "11:31:36"]
[PlyCount "99"]
[TimeControl "1500+5"]

1. e4 d6 2. d4 Nf6 3. Nc3 g6 4. Bg5 Bg7 5. Nf3 O-O 6. Be2 c5 7. O-O a6 8.
Qd2 Re8 9. Rad1 b5 10. dxc5 b4 11. Bxf6 Bxf6 12. Nd5 Qa5 13. Nxf6+ exf6 14.
cxd6 Rxe4 15. Bd3 Re8 16. Bc4 Bb7 17. Bd5 Bxd5 18. Qxd5 Qxd5 19. Rxd5 Nd7
20. h3 Rac8 21. Rd4 a5 22. Rd2 Re6 23. Rd5 Rxc2 24. Nd4 Rd2 25. Rc1 Re5 26.
Rc8+ Kg7 27. Nf5+ Rxf5 28. Rxd2 Re5 29. Rc7 Re1+ 30. Kh2 Ne5 31. d7 Nxd7
32. Rdxd7 Re2 33. Rxf7+ Kh6 34. Rxh7+ Kg5 35. Rc5+ f5 36. h4+ Kf6 37. Rc6+
Ke5 38. Re7+ Kd5 39. Rxe2 Kxc6 40. Re6+ Kb5 41. Rxg6 Kc4 42. h5 Kd3 43. h6
Kc2 44. h7 Kxb2 45. h8=Q+ Kxa2 46. Ra6 b3 47. Rxa5+ Kb1 48. Qc3 b2 49. Rb5
f4 50. Qxb2# { Black checkmated } 1-0

[Event "ICC tourney 2556 (25 5)"]
[Site "Internet Chess Club"]
[Date "2021.05.09"]
[Round "5"]
[White "KONSTANTAKOS, CHRISTOS:K05-17130487"]
[Black "KRISHNAN, MIHIKA:K05-16596204"]
[Result "0-1"]
[ICCResult "White resigns"]
[WhiteElo "1447"]
[BlackElo "1094"]
[Opening "QGD: Been-Koomen variation"]
[ECO "D50"]
[NIC "QO.16"]
[Time "11:31:17"]
[PlyCount "110"]
[TimeControl "1500+5"]

1. d4 d5 2. c4 e6 3. Nc3 Nf6 4. Bg5 c5 5. e3 Be7 6. Nf3 O-O 7. Be2 Nc6 8.
O-O b6 9. b3 h6 10. Bh4 Bb7 11. Ne5 Rc8 12. Nxc6 Bxc6 13. Bf3 dxc4 14. Bxc6
Rxc6 15. bxc4 cxd4 16. exd4 Rxc4 17. Qb3 Rxd4 18. Bg3 Rb4 19. Qc2 Qc8 20.
Rac1 Rc4 21. Qb2 Rd8 22. Nb5 Rxc1 23. Rxc1 Qd7 24. h3 Ne4 25. Be5 f6 26.
Bd4 a6 27. Bxb6 Rb8 28. Nc3 Nxc3 29. Rxc3 Bd8 30. Rb3 Qd1+ 31. Kh2 Qd6+ 32.
g3 Bxb6 33. a4 Bc7 34. Rxb8+ Bxb8 35. Qb7 f5 36. Qc8+ Kh7 37. Kg2 Qd5+ 38.
Kf1 Qh1+ 39. Ke2 Ba7 40. Qxa6 Qe4+ 41. Kf1 Qd4 42. Qe2 e5 43. a5 Qa1+ 44.
Kg2 Qxa5 45. g4 Qd5+ 46. Qf3 Qxf3+ 47. Kxf3 fxg4+ 48. hxg4 Kg6 49. Kg3 Kg5
50. f3 g6 51. Kh3 h5 52. gxh5 Kxh5 53. Kg3 Kg5 54. Kh3 Kf4 55. Kg2 g5 {
White resigns } 0-1

[Event "ICC tourney 2556 (25 5)"]
[Site "Internet Chess Club"]
[Date "2021.05.09"]
[Round "5"]
[White "WU, MATTHEW:K05-16720313"]
[Black "RAGHAV JEGAN, ASHWIN:K05-16548454"]
[Result "0-1"]
[ICCResult "White checkmated"]
[WhiteElo "951"]
[BlackElo "668"]
[Opening "Scotch game"]
[ECO "C45"]
[NIC "SO.04"]
[Time "11:32:15"]
[PlyCount "68"]
[TimeControl "1500+5"]

1. e4 e5 2. Nf3 Nc6 3. d4 exd4 4. Nxd4 Nxd4 5. Qxd4 Be7 6. Nc3 Nf6 7. Bc4
O-O 8. O-O h6 9. Bf4 Re8 10. Nd5 Nxd5 11. Bxd5 c6 12. Bc4 Bf6 13. e5 Be7
14. Rfe1 Qa5 15. Re3 Bc5 16. Qc3 Bb4 17. Qb3 Re7 18. Rg3 b5 19. Bxh6 bxc4
20. Rxg7+ Kh8 21. Rg8+ Kh7 22. Qg3 Qxe5 23. Rg7+ Kxh6 24. Qxe5 Rxe5 25.
Rxf7 d5 26. c3 Bd6 27. Rf6+ Kg7 28. Rxd6 Re2 29. Rb1 Bf5 30. Rd1 Rae8 31.
Rd7+ Bxd7 32. Kf1 Rxb2 33. Rd4 Rb1+ 34. Rd1 Rxd1# { White checkmated } 0-1

[Event "ICC tourney 2556 (25 5)"]
[Site "Internet Chess Club"]
[Date "2021.05.09"]
[Round "5"]
[White "GUDI, KEERTHANA:K05-16551243"]
[Black "ZHANG, KYLIE:K05-16733661"]
[Result "0-1"]
[ICCResult "White resigns"]
[WhiteElo "843"]
[BlackElo "1453"]
[Opening "Sicilian defense"]
[ECO "B20"]
[NIC "SI.48"]
[Time "11:32:13"]
[PlyCount "102"]
[TimeControl "1500+5"]

1. e4 c5 2. Bc4 Nc6 3. Nf3 e6 4. Nc3 Nf6 5. d3 d5 6. Bb5 Bd7 7. Bg5 a6 8.
Bxc6 Bxc6 9. e5 h6 10. Bxf6 gxf6 11. Ne2 Bg7 12. exf6 Qxf6 13. b3 Qxa1 14.
Qxa1 Bxa1 15. c3 Bb2 16. O-O Rg8 17. Ne5 d4 18. Nxc6 bxc6 19. c4 Ba3 20.
Ng3 Ke7 21. Ne4 f5 22. Nd2 Rg7 23. g3 h5 24. Nf3 f4 25. Kh1 fxg3 26. fxg3
Rf8 27. Kg2 Rgf7 28. Rf2 Rxf3 29. Rxf3 Rxf3 30. Kxf3 Bc1 31. a4 Kf6 32. g4
Kg5 33. gxh5 Kxh5 34. Ke4 Kh4 35. Ke5 Kh3 36. Kxe6 Kxh2 37. Kd6 Ba3 38.
Kxc6 Kg3 39. Kb6 Bb4 40. Kxa6 Kf3 41. a5 Bxa5 42. Kxa5 Ke3 43. Kb5 Kxd3 44.
Kxc5 Kc3 45. b4 d3 46. b5 d2 47. b6 d1=Q 48. b7 Qd8 49. Kb5 Qc7 50. c5
Qxb7+ 51. Ka5 Kc4 { White resigns } 0-1

[Event "ICC tourney 2556 (25 5)"]
[Site "Internet Chess Club"]
[Date "2021.05.09"]
[Round "5"]
[White "AGARWAL, VISHISHT:K05-17044688"]
[Black "MURUGAN AYYAPPAN, ADHIRAIYAN:K05-16024678"]
[Result "0-1"]
[ICCResult "White checkmated"]
[WhiteElo "893"]
[BlackElo "1378"]
[Opening "Giuoco Piano"]
[ECO "C50"]
[NIC "IG.02"]
[Time "11:32:47"]
[PlyCount "94"]
[TimeControl "1500+5"]

1. e4 e5 2. Nf3 Nc6 3. Bc4 Bc5 4. O-O Nf6 5. Nc3 d6 6. h3 h6 7. d3 O-O 8.
Be3 Nd4 9. Re1 Bb6 10. Na4 c5 11. Nxb6 axb6 12. c3 Nxf3+ 13. Qxf3 Nd7 14.
Qg3 Qf6 15. Rad1 Kh7 16. d4 Qg6 17. Qxg6+ Kxg6 18. dxc5 dxc5 19. Rd2 Kh7
20. Red1 Nf6 21. a3 Nxe4 22. Rd5 f6 23. f3 Ng3 24. Bd3+ Bf5 25. Rd6 Bxd3
26. R1xd3 c4 27. Rd2 Nf5 28. Rxb6 Nxe3 29. Rxb7 Rfd8 30. Re2 Nf5 31. Kh2 h5
32. Rb4 Rac8 33. Re4 Rb8 34. Rexc4 Rxb4 35. Rxb4 Ne3 36. Re4 Nd1 37. Rb4
Rd2 38. b3 Nxc3 39. Rc4 Nb5 40. a4 Nd4 41. a5 Nxb3 42. a6 Ra2 43. Rc6 Nd4
44. Rb6 h4 45. Rd6 Nxf3+ 46. Kh1 Ra1+ 47. Rd1 Rxd1# { White checkmated }
0-1

[Event "ICC tourney 2556 (25 5)"]
[Site "Internet Chess Club"]
[Date "2021.05.09"]
[Round "5"]
[White "YEHUDAI, SETH:K05-16472744"]
[Black "KAGGUNDI RAVISHA, MANASWINI:K05-30132763"]
[Result "0-1"]
[ICCResult "White checkmated"]
[WhiteElo "940"]
[BlackElo "643"]
[Opening "Queen's bishop game"]
[ECO "D02"]
[NIC "QP.08"]
[Time "11:31:19"]
[PlyCount "112"]
[TimeControl "1500+5"]

1. d4 d5 2. Nf3 Nf6 3. Bf4 Bf5 4. e3 Nc6 5. Be2 e6 6. O-O Bd6 7. Bxd6 cxd6
8. c4 dxc4 9. Bxc4 O-O 10. Nc3 d5 11. Be2 Re8 12. Rc1 e5 13. dxe5 Nxe5 14.
a3 Nxf3+ 15. Bxf3 Rc8 16. Qb3 b6 17. Nxd5 Rxc1 18. Rxc1 Nxd5 19. Bxd5 Rf8
20. Rd1 Qg5 21. g3 Qf6 22. Bg2 Be6 23. Qb4 Rd8 24. Rxd8+ Qxd8 25. Qd4 Qxd4
26. exd4 a5 27. Kf1 Bc4+ 28. Ke1 Kf8 29. Kd2 Ke7 30. Kc3 b5 31. a4 Kd6 32.
b3 Be2 33. axb5 Bxb5 34. h3 h6 35. g4 g5 36. f3 f6 37. Kb2 Kd5 38. Kc3 Kd6
39. Kb2 Kc6 40. Kc3 Kb6 41. Kb2 Be2 42. Kc3 Ba6 43. Kb2 Bb7 44. Kc3 Kb5 45.
Kb2 Kb4 46. Kc2 Ka3 47. Kc3 Bd5 48. Kd3 Kxb3 49. Ke3 a4 50. Kd3 a3 51. Kd2
a2 52. Kc1 a1=Q+ 53. Kd2 Qxd4+ 54. Kc1 Kc3 55. f4 Qd2+ 56. Kb1 Qb2# { White
checkmated } 0-1

[Event "ICC tourney 2556 (25 5)"]
[Site "Internet Chess Club"]
[Date "2021.05.09"]
[Round "5"]
[White "JIANG, LUCAS:K05-16314627"]
[Black "WILLY, STEPHEN:K05-17088783"]
[Result "1-0"]
[ICCResult "Black resigns"]
[WhiteElo "1953"]
[BlackElo "1643"]
[Opening "Petrov: Nimzovich attack"]
[ECO "C42"]
[NIC "RG.03"]
[Time "11:31:29"]
[PlyCount "59"]
[TimeControl "1500+5"]

1. e4 e5 2. Nf3 Nf6 3. Nxe5 d6 4. Nf3 Nxe4 5. Nc3 Nxc3 6. dxc3 Be6 7. Be3
Nc6 8. Qd2 Be7 9. Bd3 h6 10. h4 Qd7 11. a3 a6 12. O-O-O O-O-O 13. Kb1 Bf6
14. Qe2 Qe7 15. Rhe1 Rhe8 16. Nd2 d5 17. Bxa6 bxa6 18. Qxa6+ Kd7 19. Ne4
Ra8 20. Qc4 Reb8 21. Bc5 Ke8 22. Rxd5 Bxd5 23. Qxd5 Bxc3 24. Qxc6+ Kf8 25.
Bxe7+ Kxe7 26. Nxc3+ Kf8 27. Qxc7 Rc8 28. Qe7+ Kg8 29. Rd1 Rab8 30. Rd7 {
Black resigns } 1-0

[Event "ICC tourney 2556 (25 5)"]
[Site "Internet Chess Club"]
[Date "2021.05.09"]
[Round "5"]
[White "SCOLLON, OWEN:K05-17108421"]
[Black "B KASHYAP, MAHATI:K05-16792961"]
[Result "0-1"]
[ICCResult "White checkmated"]
[WhiteElo "1513"]
[BlackElo "1033"]
[Opening "Sicilian: Sozin, Leonhardt variation"]
[ECO "B88"]
[NIC "SI.26"]
[Time "11:30:51"]
[PlyCount "122"]
[TimeControl "1500+5"]

1. e4 c5 2. Nf3 d6 3. d4 cxd4 4. Nxd4 Nf6 5. Nc3 Nc6 6. Bc4 e6 7. O-O Be7
8. Be3 O-O 9. f4 Bd7 10. h3 a6 11. a4 Rc8 12. Be2 Nb4 13. e5 dxe5 14. fxe5
Nfd5 15. Bd2 Bc5 16. Be1 Ne3 17. Qd2 Nxf1 18. Kxf1 Bxd4 19. Qxd4 Nxc2 20.
Qe4 Nxa1 21. Bd3 g6 22. Bh4 Qb6 23. Qe2 Nb3 24. Bf6 Nc1 25. Qd2 Nxd3 26.
Qxd3 Rfd8 27. Qc2 Bxa4 28. Qxa4 Qxb2 29. Bxd8 Rxd8 30. Qa5 Rd2 31. Ne2 Rd1+
32. Kf2 Kg7 33. Qc5 Rd2 34. Qe3 Rxe2+ 35. Qxe2 Qxe2+ 36. Kxe2 b5 37. Kd3 a5
38. g4 b4 39. g5 a4 40. h4 b3 41. Kc3 h6 42. Kb2 hxg5 43. hxg5 Kf8 44. Ka3
Ke7 45. Kb2 Kd7 46. Kc3 Kc6 47. Kb2 Kd5 48. Kc3 Kxe5 49. Kb2 Kf4 50. Ka1 e5
51. Kb1 e4 52. Kc1 Kxg5 53. Kd2 f5 54. Kc3 f4 55. Kd2 a3 56. Kc1 f3 57. Kd2
a2 58. Ke3 Kf5 59. Kf2 Kf4 60. Kg1 Kg3 61. Kf1 a1=Q# { White checkmated }
0-1

[Event "ICC tourney 2556 (25 5)"]
[Site "Internet Chess Club"]
[Date "2021.05.09"]
[Round "5"]
[White "AGNIHOTRI, AADI:K05-16443397"]
[Black "DAVID YAN BO KOTCHEN, AARON:K05-16524882"]
[Result "1-0"]
[ICCResult "Black forfeits on time"]
[WhiteElo "1183"]
[BlackElo "1523"]
[Opening "Sicilian"]
[ECO "B50"]
[NIC "SI.01"]
[Time "11:32:20"]
[PlyCount "81"]
[TimeControl "1500+5"]

1. e4 c5 2. Nf3 d6 3. Bc4 Nf6 4. Nc3 Nc6 5. d3 g6 6. O-O Bg7 7. Ne2 O-O 8.
Ng3 e6 9. h3 d5 10. Bb3 b6 11. Bg5 h6 12. Be3 d4 13. Bd2 e5 14. Qc1 h5 15.
Bh6 b5 16. Bxg7 Kxg7 17. Qg5 a5 18. a3 a4 19. Ba2 b4 20. Nh4 Rh8 21. Nhf5+
Kf8 22. Nh6 Qd6 23. Nxf7 Qe7 24. Nxh8 Qg7 25. Qxg6 Qxg6 26. Nxg6+ Kg7 27.
Nh4 Ba6 28. Bd5 Nxd5 29. exd5 Na5 30. axb4 cxb4 31. Rxa4 Bb5 32. Rxb4 Be8
33. Ngf5+ Kh7 34. Rb6 Bf7 35. Rh6+ Kg8 36. Ne7+ Kf8 37. Rh8+ Kxe7 38. Rxa8
Nb7 39. Rh8 Bxd5 40. Rxh5 Kd6 41. f4 { Black forfeits on time } 1-0

[Event "ICC tourney 2556 (25 5)"]
[Site "Internet Chess Club"]
[Date "2021.05.09"]
[Round "5"]
[White "ROBERT WICKS, COLIN:K05-16090713"]
[Black "SRIPATHY RAO, ANJANEYA:K05-16442373"]
[Result "0-1"]
[ICCResult "White checkmated"]
[WhiteElo "1624"]
[BlackElo "1907"]
[Opening "Sicilian defense"]
[ECO "B30"]
[NIC "SI.31"]
[Time "11:30:24"]
[PlyCount "126"]
[TimeControl "1500+5"]

1. e4 c5 2. Nf3 Nc6 3. Bc4 e6 4. Nc3 Nf6 5. d3 d5 6. exd5 exd5 7. Bb3 Be7
8. Bg5 Be6 9. O-O O-O 10. a3 h6 11. Bf4 a6 12. Ne5 Nxe5 13. Bxe5 b5 14. Ne2
c4 15. dxc4 dxc4 16. Ba2 Ne4 17. Nd4 Bc5 18. c3 Qd5 19. Bf4 Bxd4 20. cxd4
Rad8 21. Be3 f5 22. f4 Rf6 23. Bb1 Qc6 24. Bxe4 Qxe4 25. Qf3 Bd5 26. Qxe4
Bxe4 27. g3 Re6 28. Rfe1 Kf7 29. Rad1 Ke7 30. Kf2 Kd6 31. Ke2 Kd5 32. Kd2
Rde8 33. Kc3 Bf3 34. Rd2 Rxe3+ 35. Rxe3 Rxe3+ 36. Kb4 Rb3+ 37. Ka5 c3 38.
bxc3 Rxc3 39. Kxa6 Kc4 40. Kb6 Rxa3 41. Rc2+ Kd3 42. Rb2 Kxd4 43. Kxb5 Bd5
44. Rd2+ Rd3 45. Rxd3+ Kxd3 46. Kc5 Be4 47. Kd6 Ke3 48. Ke6 Kf3 49. Kf7 Kg2
50. Kxg7 Kxh2 51. Kxh6 Kxg3 52. Kg5 Kf3 53. Kh4 Kxf4 54. Kh3 Ke3 55. Kh2 f4
56. Kg1 Bd3 57. Kg2 f3+ 58. Kg1 f2+ 59. Kh2 f1=Q 60. Kg3 Qf4+ 61. Kg2 Bf1+
62. Kh1 Qf3+ 63. Kh2 Qg2# { White checkmated } 0-1

[Event "ICC tourney 2556 (25 5)"]
[Site "Internet Chess Club"]
[Date "2021.05.09"]
[Round "5"]
[White "ADEWUMI, TANITOLUWA:K05-16649696"]
[Black "YANG, ALEXANDER:K05-16917728"]
[Result "1/2-1/2"]
[ICCResult "Game drawn by mutual agreement"]
[WhiteElo "2132"]
[BlackElo "1834"]
[Opening "Queen's pawn: London system"]
[ECO "A45"]
[NIC "QP.07"]
[Time "11:32:40"]
[PlyCount "56"]
[TimeControl "1500+5"]

1. d4 Nf6 2. Bf4 c5 3. e3 e6 4. Nf3 d5 5. Nc3 Nc6 6. Nb5 cxd4 7. exd4 Ke7
8. Bd6+ Kd7 9. Ne5+ Nxe5 10. dxe5 Ne4 11. Nc7 Bxd6 12. exd6 Rb8 13. Nxd5
Qa5+ 14. c3 Qxd5 15. Qa4+ b5 16. Qxa7+ Rb7 17. Qe3 Nxd6 18. Rd1 Qc6 19. Be2
Kc7 20. Bf3 Qb6 21. Qe5 Rb8 22. O-O f6 23. Qg3 Rg8 24. Rd2 Ba6 25. Rfd1
Rbd8 26. Bg4 Bc8 27. Bf3 Ba6 28. Bg4 Bc8 { Game drawn by mutual agreement }
1/2-1/2

[Event "ICC tourney 2556 (25 5)"]
[Site "Internet Chess Club"]
[Date "2021.05.09"]
[Round "5"]
[White "POTASHINSKY, ILAN:K05-17014227"]
[Black "YUXIN ZHANG, SOPHIA:K05-16473046"]
[Result "0-1"]
[ICCResult "White checkmated"]
[WhiteElo "266"]
[BlackElo "664"]
[Opening "Queen's pawn: Chigorin variation"]
[ECO "D00"]
[NIC "QP.08"]
[Time "11:32:11"]
[PlyCount "128"]
[TimeControl "1500+5"]

1. d4 d5 2. Nc3 Nf6 3. Nf3 Nc6 4. Be3 Bf5 5. Nh4 Bg4 6. Qd2 e6 7. O-O-O Bb4
8. Bg5 O-O 9. f3 Bf5 10. Nxf5 exf5 11. g3 Qd7 12. Bh3 Ne7 13. Bxf6 gxf6 14.
Qh6 Qd6 15. Nb5 Qc6 16. Nc3 Bxc3 17. bxc3 Rad8 18. Kd2 Rd6 19. f4 Qc4 20.
Bf1 Rc6 21. Ke3 Qxc3+ 22. Rd3 Re6+ 23. Kf2 Qxc2 24. Qh5 c5 25. g4 c4 26.
Re3 Rxe3 27. Kxe3 Qe4+ 28. Kf2 Qxh1 29. Qh3 Ng6 30. gxf5 Ne7 31. Qg3+ Kh8
32. Qh4 Nxf5 33. Qxf6+ Ng7 34. Qe7 Qxh2+ 35. Bg2 Re8 36. Qxf7 Qh4+ 37. Kf1
Qe7 38. Bxd5 Qxf7 39. Bxf7 c3 40. Ke1 Re7 41. Bb3 h5 42. Bc4 Rc7 43. Bb3 h4
44. Kf2 c2 45. Bxc2 Rxc2 46. Kg2 Rxe2+ 47. Kf3 Rd2 48. Kg4 Rxd4 49. a3 h3
50. Kg3 h2 51. Kxh2 Rxf4 52. Kg3 Ra4 53. Kh3 Rxa3+ 54. Kg4 b5 55. Kf4 b4
56. Ke5 b3 57. Kd5 b2 58. Ke5 b1=Q 59. Kf6 Qf5+ 60. Ke7 Re3+ 61. Kd6 Qe6+
62. Kc7 Rc3+ 63. Kb8 Qb6+ 64. Ka8 Rc8# { White checkmated } 0-1

[Event "ICC tourney 2556 (25 5)"]
[Site "Internet Chess Club"]
[Date "2021.05.09"]
[Round "5"]
[White "ARORA, RANBEER:K05-15760434"]
[Black "BERTI, ANDREW:K05-16787803"]
[Result "1-0"]
[ICCResult "Black checkmated"]
[WhiteElo "1521"]
[BlackElo "1222"]
[Opening "Queen's pawn"]
[ECO "A40"]
[NIC "QO.17"]
[Time "11:31:54"]
[PlyCount "163"]
[TimeControl "1500+5"]

1. d4 e6 2. Bf4 d5 3. e3 Nf6 4. Nf3 c5 5. Nc3 Be7 6. Nb5 Na6 7. Nc3 O-O 8.
Bxa6 bxa6 9. O-O Bd6 10. Bxd6 Qxd6 11. dxc5 Qxc5 12. Ne5 Qd6 13. Nf3 Bb7
14. Qe2 Ne4 15. Nxe4 dxe4 16. Nd4 e5 17. Nf5 Qf6 18. Ng3 Qg6 19. Rad1 Rad8
20. Rxd8 Rxd8 21. Rd1 Rxd1+ 22. Qxd1 Qb6 23. b3 g6 24. h3 Kg7 25. Qd7 Qc6
26. Qd2 Qb6 27. Qc3 f6 28. Qc4 Qc6 29. Qe2 Qc3 30. Qd1 Qc6 31. Qd2 Qd5 32.
Qc3 Qc6 33. Qb4 Qd5 34. Qe7+ Qf7 35. Qc5 Ba8 36. Qa5 Bb7 37. Qa4 Qd5 38.
Qb4 f5 39. Qe7+ Qf7 40. Qxe5+ Kh6 41. Qc5 Bd5 42. Ne2 Be6 43. Nd4 Bd5 44.
Qd6 Qb7 45. Ne2 Qc6 46. Qf8+ Kg5 47. f4+ exf3 48. Nf4 fxg2 49. Qe7+ Kh6 50.
Qh4+ Kg7 51. Qe7+ Kh6 52. Qf8+ Kg5 53. Qd8+ Kh6 54. Qh4+ Kg7 55. Qe7+ Kg8
56. Qd8+ Kg7 57. Qxd5 Qxd5 58. Nxd5 Kf7 59. Kxg2 Ke6 60. Nc7+ Ke5 61. Nxa6
Ke4 62. Kf2 Kd5 63. c4+ Ke4 64. Nc5+ Ke5 65. Nd7+ Kd6 66. Nf8 Ke5 67. Nxh7
Ke4 68. Nf8 Kd3 69. c5 g5 70. c6 f4 71. exf4 gxf4 72. c7 f3 73. c8=Q Kd2
74. Qc4 a6 75. Qxa6 Kc1 76. Kxf3 Kb1 77. Qe2 Ka1 78. Qd2 Kb1 79. Ke3 Ka1
80. Kd3 Kb1 81. Kc3 Ka1 82. Qb2# { Black checkmated } 1-0

[Event "ICC tourney 2556 (25 5)"]
[Site "Internet Chess Club"]
[Date "2021.05.09"]
[Round "5"]
[White "LUNA, LIAM:K05-16268715"]
[Black "SKANDA, SAURAV:K05-30130797"]
[Result "0-1"]
[ICCResult "White checkmated"]
[WhiteElo "989"]
[BlackElo "731"]
[Opening "Sicilian: dragon variation"]
[ECO "B70"]
[NIC "SI.15"]
[Time "11:32:05"]
[PlyCount "170"]
[TimeControl "1500+5"]

1. e4 c5 2. Nf3 d6 3. d4 cxd4 4. Nxd4 Nf6 5. Nc3 g6 6. h3 Bg7 7. Be3 O-O 8.
Bc4 Bd7 9. Qd2 Re8 10. O-O-O Nc6 11. f3 Rc8 12. g4 Nxd4 13. Qxd4 Nxg4 14.
hxg4 Bxd4 15. Bxd4 e5 16. Be3 Rxc4 17. Rh2 Kg7 18. Rdh1 Rh8 19. Bh6+ Kg8
20. Nd5 Be6 21. Ne3 Ra4 22. a3 b5 23. f4 exf4 24. Bxf4 Kf8 25. Rd1 Ra6 26.
e5 b4 27. Rd3 bxa3 28. bxa3 d5 29. Bh6+ Ke8 30. Nc4 dxc4 31. Rxd8+ Kxd8 32.
Rd2+ Kc8 33. Bg7 Rd8 34. Re2 Rxa3 35. Kb2 Ra6 36. Bf6 Rd7 37. Kc3 Rc7 38.
Kb4 Rb6+ 39. Kc3 a5 40. Rd2 Rd7 41. Re2 a4 42. Re1 a3 43. Ra1 Ra7 44. Bg5
Rba6 45. Bc1 h5 46. gxh5 gxh5 47. Be3 Ra8 48. Bf4 h4 49. Bh2 h3 50. Bg3 f5
51. exf6 Bf7 52. Be5 Kd7 53. Re1 a2 54. Ra1 Ke6 55. Bh2 Kxf6 56. Rf1+ Ke7
57. Re1+ Kf8 58. Ra1 Ra3+ 59. Kd2 c3+ 60. Kc1 Re8 61. Kd1 Rd8+ 62. Ke1 Ke8
63. Bd6 Ra6 64. Bc7 Rd2 65. Be5 Rxc2 66. Bd4 h2 67. Kd1 h1=Q+ 68. Kxc2 Qxa1
69. Bxc3 Bg6+ 70. Kb3 Qxc3+ 71. Kxc3 a1=Q+ 72. Kc4 Qb2 73. Kc5 Qb6+ 74. Kc4
Qc6+ 75. Kb4 Rb6+ 76. Ka5 Ra6+ 77. Kb4 Bh7 78. Kb3 Qb5+ 79. Kc3 Rc6+ 80.
Kd4 Qa5 81. Ke3 Qe5+ 82. Kf3 Rf6+ 83. Kg4 Qa5 84. Kg3 Qg5+ 85. Kh3 Rh6# {
White checkmated } 0-1

[Event "ICC tourney 2556 (25 5)"]
[Site "Internet Chess Club"]
[Date "2021.05.09"]
[Round "5"]
[White "REN, JOCELYN:K05-16899282"]
[Black "HUANG WANG, WILLIAM:K05-16426896"]
[Result "1-0"]
[ICCResult "Black checkmated"]
[WhiteElo "1234"]
[BlackElo "1554"]
[Opening "Sicilian: accelerated fianchetto, modern variation"]
[ECO "B34"]
[NIC "SI.33"]
[Time "11:32:40"]
[PlyCount "97"]
[TimeControl "1500+5"]

1. e4 c5 2. Nf3 g6 3. d4 cxd4 4. Nxd4 Nc6 5. Nc3 Bg7 6. Be3 Nf6 7. f3 O-O
8. Qd2 d5 9. O-O-O dxe4 10. Nxe4 Nxe4 11. fxe4 Nxd4 12. Bxd4 Bg4 13. Bxg7
Kxg7 14. Qc3+ Kg8 15. Rxd8 Rfxd8 16. Bd3 Rac8 17. Qd2 Rc6 18. Kb1 Rcd6 19.
Qg5 Be6 20. Qxe7 R6d7 21. Qg5 Bc4 22. Rd1 b5 23. Qe3 a5 24. b3 Bxd3 25.
Rxd3 b4 26. Rxd7 Rxd7 27. Qb6 Rd1+ 28. Kb2 Rd7 29. Qxa5 Kg7 30. Qxb4 f6 31.
a4 Rf7 32. a5 Ra7 33. Qb6 Rf7 34. a6 g5 35. Qb7 Rxb7 36. axb7 f5 37. exf5
h5 38. b8=Q g4 39. Qe5+ Kf7 40. f6 g3 41. hxg3 h4 42. gxh4 Kg6 43. h5+ Kf7
44. h6 Kg6 45. Qe8+ Kxf6 46. h7 Kg5 47. h8=Q Kf5 48. Qhe5+ Kg4 49. Q8h5# {
Black checkmated } 1-0

[Event "ICC tourney 2556 (25 5)"]
[Site "Internet Chess Club"]
[Date "2021.05.09"]
[Round "5"]
[White "RAJASEKHARA, CHAMESH:K05-16661211"]
[Black "RODIC, ELLIOT:K05-16510635"]
[Result "1/2-1/2"]
[ICCResult "Game drawn by mutual agreement"]
[WhiteElo "972"]
[BlackElo "724"]
[Opening "Giuoco Piano"]
[ECO "C54"]
[NIC "IG.02"]
[Time "11:32:31"]
[PlyCount "77"]
[TimeControl "1500+5"]

1. e4 e5 2. Nf3 Nc6 3. Bc4 Bc5 4. c3 Nf6 5. d4 exd4 6. cxd4 Bb4+ 7. Bd2
Bxd2+ 8. Nbxd2 O-O 9. e5 Ng4 10. h3 Nh6 11. O-O d5 12. Bd3 Bf5 13. Qb1 Bxd3
14. Qxd3 Qe7 15. a3 f6 16. Rfe1 fxe5 17. dxe5 Rad8 18. Rac1 d4 19. Qc4+ Kh8
20. Qe2 d3 21. Qe4 Nf5 22. Rc3 Nfd4 23. Rxd3 Nxf3+ 24. Nxf3 Rxd3 25. Qxd3
Re8 26. Qc3 h6 27. Qb3 b6 28. Qc3 Qd7 29. Qc2 Re6 30. Rd1 Qe7 31. Re1 Nxe5
32. Nxe5 Rxe5 33. Rxe5 Qxe5 34. g3 c5 35. Qd2 Qf6 36. Qe2 Qf7 37. Qd3 Qf6
38. Qe2 Qf7 39. Qd3 { Game drawn by mutual agreement } 1/2-1/2

[Event "ICC tourney 2556 (25 5)"]
[Site "Internet Chess Club"]
[Date "2021.05.09"]
[Round "5"]
[White "STERN, KEVIN:K05-16419450"]
[Black "SRIADITYA KUNAPULI, SIDDARTH:K05-16368693"]
[Result "1-0"]
[ICCResult "Black resigns"]
[WhiteElo "1393"]
[BlackElo "1533"]
[Opening "Queen's pawn: London system"]
[ECO "A45"]
[NIC "QP.07"]
[Time "11:32:40"]
[PlyCount "85"]
[TimeControl "1500+5"]

1. d4 Nf6 2. Bf4 e6 3. e3 b6 4. Nf3 Bb7 5. Bd3 d6 6. Nbd2 Be7 7. O-O O-O 8.
Re1 Nbd7 9. e4 Re8 10. e5 dxe5 11. Nxe5 Nxe5 12. dxe5 Qd5 13. Nf3 Nh5 14.
Qd2 Nxf4 15. Qxf4 Rad8 16. Be4 Qd7 17. Bxb7 c6 18. Ba6 b5 19. c4 Bb4 20.
Rf1 Bc5 21. cxb5 cxb5 22. a4 bxa4 23. Qxa4 Qxa4 24. Rxa4 Rb8 25. Rc1 Bb6
26. Rac4 Kf8 27. Rc8 Rexc8 28. Rxc8+ Rxc8 29. Bxc8 Ke7 30. Kf1 Kd8 31. Ba6
Ke7 32. Ke2 f6 33. exf6+ Kxf6 34. Nd2 Kf5 35. Nc4 h5 36. Nxb6 axb6 37. Ke3
g5 38. Kd4 g4 39. Kc4 h4 40. Bb7 e5 41. g3 hxg3 42. hxg3 e4 43. Kd4 { Black
resigns } 1-0

[Event "ICC tourney 2556 (25 5)"]
[Site "Internet Chess Club"]
[Date "2021.05.09"]
[Round "5"]
[White "KARPENKO, OSKAR:K05-16342416"]
[Black "CALLENS, JAEL:K05-17208461"]
[Result "1-0"]
[ICCResult "Black checkmated"]
[WhiteElo "811"]
[BlackElo "1207"]
[Opening "Sicilian: Pelikan (Lasker/Sveshnikov) variation"]
[ECO "B33"]
[NIC "SI.35"]
[Time "11:31:33"]
[PlyCount "103"]
[TimeControl "1500+5"]

1. e4 c5 2. Nf3 Nc6 3. d4 cxd4 4. Nxd4 Nf6 5. Nc3 e5 6. Nf3 Bc5 7. Bc4 O-O
8. Bg5 d6 9. Nd5 Be6 10. Bxf6 gxf6 11. O-O f5 12. exf5 Bxf5 13. Nd2 Qg5 14.
Kh1 Kh8 15. f4 exf4 16. Nxf4 Be3 17. Nh3 Qg6 18. Nf3 Be4 19. Qe2 Bc5 20.
Nfg5 d5 21. Bd3 f5 22. Bxe4 fxe4 23. Rxf8+ Rxf8 24. c4 Nd4 25. Qg4 dxc4 26.
Qxe4 Qxe4 27. Nxe4 Bb6 28. g3 Nc2 29. Rc1 Ne3 30. Nd6 Bd4 31. Nxc4 Nxc4 32.
Rxc4 Bxb2 33. Rb4 Bc3 34. Rxb7 a5 35. Kg2 Rd8 36. Kf3 Rd2 37. Rb3 Bf6 38.
Ra3 Bd8 39. Nf4 Rxh2 40. Ne6 Bb6 41. Rb3 Ba7 42. Rb7 h5 43. Rxa7 Rxa2 44.
Nc5 Ra3+ 45. Kf4 Ra1 46. Nb3 Ra4+ 47. Kg5 Ra3 48. Rb7 a4 49. Nc5 Ra1 50.
Kg6 Rf1 51. Rb8+ Rf8 52. Rxf8# { Black checkmated } 1-0